 Dungeon Crawl Stone Soup version 0.31.0-11-ge490571c62 (webtiles) character file.

Game seed: 7913943351317824679

224 solopath the Trooper (level 6, 0/67 HPs)
             Began as an Oni Berserker on Jan 29, 2024.
             Was a Believer of Trog.
             Slain by an orc
             ... wielding a +0 falchion
              (1 damage)
             ... on level 4 of the Dungeon.
             The game lasted 00:02:10 (3218 turns).

solopath the Trooper (Oni Berserker)                Turns: 3218, Time: 00:02:11

Health: 0/67       AC:  3    Str: 24    XL:     6   Next: 0%
Magic:  6/6        EV: 10    Int:  8    God:    Trog [**....]
Gold:   312        SH:  0    Dex:  8    Spells: 5/5 levels left

rFire   . . .        a - +0 mace
rCold   . . .        (no shield)
rNeg    . . .        b - +0 animal skin
rPois   .            (helmet restricted)
rElec   .            (no cloak)
rCorr   .            (gloves unavailable)
SInv    .            (boots unavailable)
Will    .....        (no amulet)
Stlth   +            (no ring)
HPRegen 0.31/turn    (no ring)
MPRegen 0.10/turn

%: no passive effects
@: no status effects
A: large, unfitting armour, horns 1, tough skin 1, double potion healing,
drunken brawling
a: Renounce Religion, Berserk, Trog's Hand


You were on level 4 of the Dungeon.
You worshipped Trog.
Trog was pleased with you.
You visited 1 branch of the dungeon, and saw 4 of its levels.

You collected 312 gold pieces.

Inventory:

Hand Weapons
 a - a +0 mace (weapon)
Armour
 b - a +0 animal skin (worn)
Scrolls
 c - 3 scrolls of teleportation {unknown}
 d - 2 scrolls of immolation {unknown}
 g - a scroll of summoning {unknown}
 h - a scroll of amnesia {unknown}
 i - a scroll of enchant armour {unknown}
 j - a scroll of identify {unknown}
 l - a scroll of blinking {unknown}
Potions
 e - a potion of curing {unknown}
 f - a potion of heal wounds
 k - a potion of attraction {unknown}


   Skills:
 + Level 5.9 Fighting
 * Level 5.5 Maces & Flails
 - Level 2.6 Dodging


You had 5 spell levels left.
You didn't know any spells.
Your spell library was empty.

Dungeon Overview and Level Annotations

Branches:
Dungeon (4/15)
 Temple: D:4-7

Altars:
Hepliaklqana
Qazlal
Trog
Uskayaw

Shops:
D:2 ((

Annotations:
D:3 2 transporters


Innate Abilities, Weirdness & Mutations

You are too large for most types of armour.
You have a pair of small horns on your head.
You have tough skin. (AC +1)
You gain doubled healing and magic from potions.
Whenever you drink a healing potion, you attack all around you.


Message History

The orc hits you with a +0 falchion. The orc priest misses you.
You barely miss the orc priest. Your headbutt misses the orc priest.
The orc priest is heavily wounded.
The orc barely misses you.
The orc priest hits you with a +0 flail.
You barely miss the orc priest.
The orc priest is heavily wounded.
The orc hits you with a +0 falchion.
The orc priest hits you with a +0 flail.
You hit the orc priest.
The orc priest is almost dead.
The orc closely misses you.
The orc priest calls down the wrath of Beogh upon you.
Pain shoots through your body!
You hit the orc priest but do no damage.
The orc priest is almost dead.
The orc hits you with a +0 falchion.
The orc priest mumbles some strange prayers to Beogh against you.
Beogh smites you!
* * * LOW HITPOINT WARNING * * *
You hit the orc priest but do no damage.
You headbutt the orc priest.
You kill the orc priest!
Trog accepts your kill. The orc barely misses you.
You have reached level 6!
You feel stronger.
You closely miss the orc. You headbutt the orc, but do no damage.
The orc barely misses you.
You barely miss the orc. You headbutt the orc, but do no damage.
You punch the orc, but do no damage. The orc hits you with a +0 falchion.
* * * LOW HITPOINT WARNING * * *
The orc hits you with a +0 falchion.
* * * LOW HITPOINT WARNING * * *
You completely miss the orc. The orc hits you with a +0 falchion.
* * * LOW HITPOINT WARNING * * *
You hit the orc. Your headbutt misses the orc.
The orc is lightly wounded.
The orc hits you with a +0 falchion.
You die...

.......####......##
........##........#
.....##.##........#
.....##..#........#
.....#...........##
. #...#...#.......##
..#
###....##......##
#..#
##..###......###...#
##..#.......>..@o.#
##...............)##
#............####..#
.......####### #.#
...##### .# #### #.
# .# .#


You could see an orc.

Vanquished Creatures
  A scorpion (D:4)
  An orc priest (D:4)
  An orc wizard (D:4)
  3 adders
  A gnoll (D:3)
  A dart slug (D:2)
  2 orcs (D:3)
  5 ball pythons
  11 endoplasms
  6 giant cockroaches
  3 hobgoblins
  4 jackals (D:2)
  3 quokkas
  8 bats
  4 frilled lizards
  7 goblins
  8 kobolds
  A rat (D:3)
70 creatures vanquished.

Notes
Turn   | Place    | Note
-------+----------+-------------------------------------------
     0 | D:1      | solopath the Oni Berserker began the quest for the Orb.
     0 | D:1      | Reached XP level 1. HP: 24/24 MP: 1/1
   213 | D:1      | Reached XP level 2. HP: 27/32 MP: 2/2
   332 | D:1      | Found a faded altar of an unknown god.
   774 | D:2      | Reached XP level 3. HP: 39/40 MP: 3/3
   782 | D:2      | Found a hide-covered altar of Uskayaw.
  1151 | D:2      | Found Nicabb's Weapon Emporium.
  1328 | D:2      | Reached ** piety under Trog
  1330 | D:2      | Reached XP level 4. HP: 34/49 MP: 4/4
  1443 | D:2      | Found Haqi's Weapon Boutique.
  1498 | D:3      | Found a transporter.
  1518 | D:3      | Reached skill level 5 in Fighting
  1819 | D:3      | Found a stormy altar of Qazlal.
  1846 | D:3      | Found a transporter.
  1846 | D:3      | Noticed a black bear
  1848 | D:3      | Noticed a kobold brigand
  1848 | D:3      | Noticed a scorpion
  1851 | D:3      | Found a hazy altar of Hepliaklqana.
  2193 | D:3      | Found a bloodstained altar of Trog.
  2730 | D:4      | Reached XP level 5. HP: 54/57 MP: 5/5
  2803 | D:4      | Reached skill level 5 in Maces & Flails
  3215 | D:4      | Reached XP level 6. HP: 9/67 MP: 6/6
  3216 | D:4      | HP: 2/67 [orc/+0 falchion (4)]
  3218 | D:4      | Slain by an orc

Illustrated notes

Levels and vault maps discovered:
D:1:      dpeg_arrival_windows_large_door, layout_basic,
          ebering_ecumenical_altar_hall, minmay_tetromino_o2
D:2:      layout_loops_ring, serial_shops, nicolae_shop_back_alley_shop,
          nicolae_shop_back_alley_shop, basic_altar
D:3:      layout_basic, trog_antimagical, nicolae_qazlal_general_emergency,
          gammafunk_temple_overflow_arena
D:4:      layout_cave_pods

Skill      XL: |  1  2  3  4  5 |
---------------+----------------+-----
Maces & Flails | 4 5 |  5.5
Fighting       | 5 |  5.9
Dodging        | |  2.6

Action                     |  1- 3 |  4- 6 || total
---------------------------+-------+-------++-------
  Melee: Mace              |   104 |   108 ||   212
         Headbutt          |    10 |    13 ||    23
         Punch             |       |     1 ||     1
 Invoke: Berserk           |     2 |     1 ||     3
    Use: Potion            |       |     1 ||     1
 Armour: Animal skin       |    72 |    80 ||   152
  Dodge: Dodged            |    72 |    52 ||   124
